PAAA
BATON ROUGE BRASS @ BAKERSFIELD NOBLES
07/25/2042
 
TOP OF THE 1ST
Baton Rouge Brass batting - Pitching for Bakersfield Nobles : RHP Jason Miller
Pitching: RHP Jason Miller
Batting: RHB Hal Phillips 0-0: Ground out 6-3 (Groundball, 6, EV 82.5 MPH)
Batting: RHB Nick Boyd 0-0: Foul Ball, location: 2F
0-1: Ball
1-1: Foul Ball, location: 2F
1-2: Foul Ball, location: 2F
1-2: SOLO HOME RUN (Flyball, 7D, EV 108.1 MPH), Distance : 367 ft
Batting: LHB Stephen Goldobenko 0-0: Ground out 1-3 (Groundball, 13S, EV 65.6 MPH)
Batting: LHB Weston Doyle 0-0: Called Strike
0-1: Swinging Strike
0-2: Ground out 4-3 (Groundball, 4, EV 98.8 MPH)
Top of the 1st over - 1 run, 1 hit, 0 errors, 0 left on base; Baton Rouge 1 - Bakersfield 0
BOTTOM OF THE 1ST
Bakersfield Nobles batting - Pitching for Baton Rouge Brass : RHP Mihai Dumitru
Pitching: RHP Mihai Dumitru
Batting: LHB Roldão Cintra 0-0: Ball
1-0: Foul Ball, location: 2F
1-1: Fly out, F9 (Flyball, 9, EV 93.8 MPH)
Batting: LHB Chris Fitzgerald 0-0: Ball
1-0: Ball
2-0: Ball
3-0: Base on Balls
Batting: RHB Ryoichi Yoshida 0-0: Fly out, F8 (Flyball, 8RXD, EV 108.8 MPH)
Batting: RHB Masafumi Kawaguchi 0-0: Called Strike
0-1: Called Strike
0-2: Fly out, F8 (Flyball, 8RM, EV 85.0 MPH)
Bottom of the 1st over - 0 runs, 0 hits, 0 errors, 1 left on base; Baton Rouge 1 - Bakersfield 0
TOP OF THE 2ND
Baton Rouge Brass batting - Pitching for Bakersfield Nobles : RHP Jason Miller
Batting: SHB Vicente Romero 0-0: Ground out 1-3 (Groundball, 15S, EV 66.9 MPH)
Batting: RHB Jamy Geertsen 0-0: Foul Ball, location: 2F
0-1: Called Strike
0-2: Ball
1-2: Ball
2-2: Strikes out swinging
Batting: LHB Augusto Reyes 0-0: Called Strike
0-1: Ball
1-1: Ball
2-1: Called Strike
2-2: Ball
3-2: Ground out 4-3 (Groundball, 4, EV 98.8 MPH)
Top of the 2nd over - 0 runs, 0 hits, 0 errors, 0 left on base; Baton Rouge 1 - Bakersfield 0
BOTTOM OF THE 2ND
Bakersfield Nobles batting - Pitching for Baton Rouge Brass : RHP Mihai Dumitru
Batting: SHB Glyn Bolasky 0-0: Called Strike
0-1: Ball
1-1: Ball
2-1: Ball
3-1: Base on Balls
Batting: RHB Chut-sai Meng 0-0: Called Strike
0-1: Ball
1-1: Called Strike
1-2: Ball
2-2: Ball
3-2: Fly out, F8 (Flyball, 89D, EV 98.1 MPH)
Batting: RHB Corey Ollerton 0-0: Fly out, F8 (Flyball, 8LXD, EV 93.8 MPH)
Batting: RHB Domingo Reyes 0-0: Called Strike
0-1: Ball
1-1: Called Strike
1-2: Foul Ball, location: 2F
1-2: Foul Ball, location: 2F
1-2: Ground out 6-3 (Groundball, 6, EV 86.2 MPH)
Bottom of the 2nd over - 0 runs, 0 hits, 0 errors, 1 left on base; Baton Rouge 1 - Bakersfield 0
TOP OF THE 3RD
Baton Rouge Brass batting - Pitching for Bakersfield Nobles : RHP Jason Miller
Batting: RHB Travis Murphy 0-0: Ball
1-0: Foul Ball, location: 2F
1-1: Ball
2-1: Ground out 6-3 (Groundball, 6, EV 106.2 MPH)
Batting: LHB Francisco Rojas 0-0: Ball
1-0: Swinging Strike
1-1: Foul Ball, location: 2F
1-2: Ball
2-2: Fly out, F7 (Flyball, 7D, EV 88.8 MPH)
Batting: RHB Hal Phillips 0-0: Ball
1-0: Ball
2-0: Ball
3-0: Base on Balls
Batting: RHB Nick Boyd 0-0: Called Strike
0-1: Called Strike
0-2: Ball
1-2: SINGLE (Groundball, 6D, EV 97.5 MPH)
Hal Phillips to second
Batting: LHB Stephen Goldobenko 0-0: Ball
1-0: Foul Ball, location: 2F
1-1: Swinging Strike
1-2: Ball
2-2: DOUBLE (Line Drive, 89XD, EV 99.4 MPH)
Hal Phillips scores
Nick Boyd to third
Runner from 3rd tries for Home, SAFE, no throw by CF
Batting: LHB Weston Doyle 0-0: Called Strike
0-1: Ground out 4-3 (Groundball, 4, EV 75.6 MPH)
Top of the 3rd over - 2 runs, 2 hits, 0 errors, 1 left on base; Baton Rouge 3 - Bakersfield 0
BOTTOM OF THE 3RD
Bakersfield Nobles batting - Pitching for Baton Rouge Brass : RHP Mihai Dumitru
Batting: RHB Carlos Miranda 0-0: Ball
1-0: Called Strike
1-1: Swinging Strike
1-2: Foul Ball, location: 2F
1-2: SINGLE (Groundball, 4M, EV 101.2 MPH)
Batting: LHB Roldão Cintra 0-0: Swinging Strike
0-1: Ball
1-1: Called Strike
Carlos Miranda steals 2nd base
1-2: Ball
2-2: Strikes out looking
Batting: LHB Chris Fitzgerald 0-0: Called Strike
0-1: Ball
1-1: Ground out 1-3 (Groundball, 34S, EV 82.5 MPH)
Carlos Miranda to third
Batting: RHB Ryoichi Yoshida 0-0: Ball
1-0: Ground out 6-3 (Groundball, 6, EV 101.9 MPH)
Bottom of the 3rd over - 0 runs, 1 hit, 0 errors, 1 left on base; Baton Rouge 3 - Bakersfield 0
TOP OF THE 4TH
Baton Rouge Brass batting - Pitching for Bakersfield Nobles : RHP Jason Miller
Batting: SHB Vicente Romero 0-0: Fly out, F7 (Flyball, 78S, EV 89.4 MPH)
Batting: RHB Jamy Geertsen 0-0: Ball
1-0: Called Strike
1-1: Ground out 1-3 (Groundball, 13S, EV 65.6 MPH)
Batting: LHB Augusto Reyes 0-0: Ball
1-0: Ball
2-0: Ball
3-0: Called Strike
3-1: Foul Ball, location: 2F
3-2: Foul Ball, location: 2F
3-2: Strikes out swinging
Top of the 4th over - 0 runs, 0 hits, 0 errors, 0 left on base; Baton Rouge 3 - Bakersfield 0
BOTTOM OF THE 4TH
Bakersfield Nobles batting - Pitching for Baton Rouge Brass : RHP Mihai Dumitru
Batting: RHB Masafumi Kawaguchi 0-0: Ground out 6-3 (Groundball, 56D, EV 100.6 MPH)
Batting: SHB Glyn Bolasky 0-0: Called Strike
0-1: Swinging Strike
0-2: Foul Ball, location: 2F
0-2: Ball
1-2: Fly out, F8 (Line Drive, 8LD, EV 91.9 MPH)
Batting: RHB Chut-sai Meng 0-0: Called Strike
0-1: Foul Ball, location: 2F
0-2: Ball
1-2: Ball
2-2: SOLO HOME RUN (Flyball, 78XD, EV 98.1 MPH), Distance : 392 ft
Batting: RHB Corey Ollerton 0-0: Ball
1-0: Ball
2-0: Swinging Strike
2-1: Ground out 6-3 (Groundball, 6S, EV 81.9 MPH)
Bottom of the 4th over - 1 run, 1 hit, 0 errors, 0 left on base; Baton Rouge 3 - Bakersfield 1
TOP OF THE 5TH
Baton Rouge Brass batting - Pitching for Bakersfield Nobles : RHP Jason Miller
Batting: RHB Travis Murphy 0-0: Swinging Strike
0-1: Ground out 4-3 (Groundball, 4, EV 101.9 MPH)
Batting: LHB Francisco Rojas 0-0: Ball
1-0: Called Strike
1-1: Ground out 5-3 (Groundball, 56, EV 88.8 MPH)
Batting: RHB Hal Phillips 0-0: Ball
1-0: Swinging Strike
1-1: Fly out, F1 (Line Drive, P, EV 73.8 MPH)
Top of the 5th over - 0 runs, 0 hits, 0 errors, 0 left on base; Baton Rouge 3 - Bakersfield 1
BOTTOM OF THE 5TH
Bakersfield Nobles batting - Pitching for Baton Rouge Brass : RHP Mihai Dumitru
Batting: RHB Domingo Reyes 0-0: Swinging Strike
0-1: Foul Ball, location: 2F
0-2: Foul Ball, location: 2F
0-2: DOUBLE (Line Drive, 89XD, EV 101.9 MPH)
Batting: RHB Carlos Miranda 0-0: Ball
1-0: Ball
2-0: Foul Ball, location: 2F
2-1: Ground out U3 (Groundball, 34, EV 100.6 MPH)
Domingo Reyes to third
Batting: LHB Roldão Cintra 0-0: Ball
1-0: Ball
2-0: Foul Ball, location: 2F
2-1: Ball
3-1: Base on Balls
Batting: LHB Chris Fitzgerald 0-0: Ball
1-0: Ball
2-0: Called Strike
Roldão Cintra steals 2nd base
2-1: Fly out, F9 (Flyball, 9D, EV 90.6 MPH)
Runner from 3rd tags up, OUT at HOME! 9-2
Bottom of the 5th over - 0 runs, 1 hit, 0 errors, 1 left on base; Baton Rouge 3 - Bakersfield 1
TOP OF THE 6TH
Baton Rouge Brass batting - Pitching for Bakersfield Nobles : RHP Jason Miller
Batting: RHB Nick Boyd 0-0: Ball
1-0: Foul Ball, location: 2F
1-1: Called Strike
1-2: Ball
2-2: Ball
3-2: Foul Ball, location: 2F
3-2: Ground out 4-3 (Groundball, 4M, EV 97.5 MPH)
Batting: LHB Stephen Goldobenko 0-0: Ball
1-0: Ball
2-0: Called Strike
2-1: SINGLE (Line Drive, 78M, EV 92.5 MPH)
Pitching: RHP Hikaru Yamaguchi
Batting: LHB Weston Doyle 0-0: Called Strike
0-1: Fly out, F4 (Line Drive, 4, EV 67.5 MPH)
Batting: SHB Vicente Romero 0-0: Ground out 4-3 (Groundball, 4, EV 107.5 MPH)
Top of the 6th over - 0 runs, 1 hit, 0 errors, 1 left on base; Baton Rouge 3 - Bakersfield 1
BOTTOM OF THE 6TH
Bakersfield Nobles batting - Pitching for Baton Rouge Brass : RHP Mihai Dumitru
Batting: RHB Ryoichi Yoshida 0-0: Swinging Strike
0-1: Swinging Strike
0-2: Fly out, F4 (Line Drive, 4, EV 61.2 MPH)
Batting: RHB Masafumi Kawaguchi 0-0: Ball
1-0: Ball
2-0: Foul Ball, location: 2F
2-1: Foul Ball, location: 2F
2-2: Foul Ball, location: 2F
2-2: Ball
3-2: Base on Balls
Batting: SHB Glyn Bolasky 0-0: Called Strike
0-1: Ball
1-1: Ball
2-1: Fly out, F1 (Popup, P, EV 83.1 MPH)
Batting: RHB Chut-sai Meng 0-0: Ball
1-0: Fly out, F5 (Popup, 56S, EV 86.2 MPH)
Bottom of the 6th over - 0 runs, 0 hits, 0 errors, 1 left on base; Baton Rouge 3 - Bakersfield 1
TOP OF THE 7TH
Baton Rouge Brass batting - Pitching for Bakersfield Nobles : RHP Hikaru Yamaguchi
Batting: RHB Jamy Geertsen 0-0: Ball
1-0: Called Strike
1-1: Ball
2-1: Ball
3-1: Called Strike
3-2: Strikes out swinging
Batting: LHB Augusto Reyes 0-0: Ball
1-0: Foul Ball, location: 2F
1-1: Foul Ball, location: 2F
1-2: Ball
2-2: Strikes out swinging
Batting: RHB Travis Murphy 0-0: Called Strike
0-1: Ball
1-1: Called Strike
1-2: Ball
2-2: Strikes out looking
Top of the 7th over - 0 runs, 0 hits, 0 errors, 0 left on base; Baton Rouge 3 - Bakersfield 1
BOTTOM OF THE 7TH
Bakersfield Nobles batting - Pitching for Baton Rouge Brass : RHP Mihai Dumitru
Batting: RHB Corey Ollerton 0-0: Ball
1-0: Ball
2-0: Called Strike
2-1: Swinging Strike
2-2: Ground out 1-3 (Groundball, P, EV 83.1 MPH)
Batting: RHB Domingo Reyes 0-0: SINGLE (Line Drive, 8LS, EV 98.1 MPH)
Batting: RHB Carlos Miranda 0-0: Called Strike
Domingo Reyes is caught stealing 2nd base 2-4
0-1: Foul Ball, location: 2F
0-2: Ball
1-2: Ball
2-2: DOUBLE (Flyball, 8LD, EV 90.6 MPH)
Pitching: RHP Carlos Cardoso
Batting: LHB Roldão Cintra 0-0: Ball
1-0: Swinging Strike
1-1: Swinging Strike
1-2: Ground out 5-3 (Groundball, 5S, EV 82.5 MPH)
Bottom of the 7th over - 0 runs, 2 hits, 0 errors, 1 left on base; Baton Rouge 3 - Bakersfield 1
TOP OF THE 8TH
Baton Rouge Brass batting - Pitching for Bakersfield Nobles : RHP Hikaru Yamaguchi
Batting: LHB Francisco Rojas 0-0: Ground out 1-3 (Groundball, P, EV 77.5 MPH)
Batting: RHB Hal Phillips 0-0: Called Strike
0-1: Foul Ball, location: 2F
0-2: Strikes out looking
Batting: RHB Nick Boyd 0-0: Called Strike
0-1: Ball
1-1: Ball
2-1: Foul Ball, location: 2F
2-2: Foul Ball, location: 2F
2-2: Ball
3-2: Ground out 6-3 (Groundball, 6M, EV 91.9 MPH)
Top of the 8th over - 0 runs, 0 hits, 0 errors, 0 left on base; Baton Rouge 3 - Bakersfield 1
BOTTOM OF THE 8TH
Bakersfield Nobles batting - Pitching for Baton Rouge Brass : RHP Carlos Cardoso
Batting: LHB Chris Fitzgerald 0-0: Foul Ball, location: 2F
0-1: Fly out, F5 (Popup, 56S, EV 86.2 MPH)
Batting: RHB Ryoichi Yoshida 0-0: Ball
1-0: Called Strike
1-1: Called Strike
1-2: Ball
2-2: SINGLE (Groundball, 6MD, EV 93.8 MPH)
Batting: RHB Masafumi Kawaguchi 0-0: Swinging Strike
0-1: Ball
1-1: Ball
2-1: Ball
3-1: Foul Ball, location: 2F
3-2: Foul Ball, location: 2F
3-2: Strikes out swinging
Batting: SHB Glyn Bolasky 0-0: Ground out 3-1 (Groundball, 3, EV 85.6 MPH)
Bottom of the 8th over - 0 runs, 1 hit, 0 errors, 1 left on base; Baton Rouge 3 - Bakersfield 1
TOP OF THE 9TH
Baton Rouge Brass batting - Pitching for Bakersfield Nobles : RHP Hikaru Yamaguchi
Batting: LHB Stephen Goldobenko 0-0: Called Strike
0-1: Foul Ball, location: 2F
0-2: Strikes out swinging
Batting: LHB Weston Doyle 0-0: Ball
1-0: DOUBLE (Line Drive, 78XD, EV 105.0 MPH)
Batting: SHB Vicente Romero 0-0: Ground out 4-3 (Groundball, 4, EV 81.2 MPH)
Weston Doyle to third
Batting: RHB Jamy Geertsen 0-0: Ball
1-0: Called Strike
1-1: Ball
2-1: Swinging Strike
2-2: Ground out 4-3 (Groundball, 4, EV 91.2 MPH)
Top of the 9th over - 0 runs, 1 hit, 0 errors, 1 left on base; Baton Rouge 3 - Bakersfield 1
BOTTOM OF THE 9TH
Bakersfield Nobles batting - Pitching for Baton Rouge Brass : RHP Carlos Cardoso
Pitching: RHP Tate Beason
Batting: RHB Chut-sai Meng 0-0: Swinging Strike
0-1: Ball
1-1: Swinging Strike
1-2: Fly out, F9 (Flyball, 9D, EV 98.8 MPH)
Batting: RHB Corey Ollerton 0-0: Ball
1-0: Foul Ball, location: 2F
1-1: Swinging Strike
1-2: Ball
2-2: Ball
3-2: Ground out 1-3 (Groundball, 34S, EV 75.6 MPH)
Batting: RHB Domingo Reyes 0-0: Ball
1-0: Called Strike
1-1: Ground out 1-3 (Groundball, 34S, EV 63.1 MPH)
Bottom of the 9th over - 0 runs, 0 hits, 0 errors, 0 left on base; Baton Rouge 3 - Bakersfield 1
Friday, March 26th, 2021 - OOTP Baseball 20.8 Build 74